 Dungeon Crawl Stone Soup version 0.28-a0-1199-gef9e1dbd39 (webtiles) character file.

Game seed: 9532074530886565166

448 ReploidZero the Magician (level 7, -5/49 HPs)
             Began as a Djinni Conjurer on Dec 20, 2021.
             Slain by a scorpion (7 damage)
             ... on level 3 of the Dungeon.
             The game lasted 00:11:49 (3948 turns).

ReploidZero the Magician (Djinni Conjurer)          Turns: 3948, Time: 00:11:49

Health: -5/49      AC:  3    Str:  6    XL:     7   Next: 24%
Gold:   98         EV: 12    Int: 21    God:
                   SH:  0    Dex: 12

rFire   + + .      SeeInvis .   f - +2 whip (flame)
rCold   x . .      Faith    .   (no shield)
rNeg    . . .      Spirit   .   a - +0 robe
rPois   ∞          Reflect  .   b - +0 helmet
rElec   .          Harm     .   (no cloak)
rCorr   .          Rampage  .   (no gloves)
Will    .....                   (boots unavailable)
Stlth   ++........              (no amulet)
HPRegen 0.16/turn               (no ring)
MPRegen 0.00/turn               (no ring)

@: flying, very slightly contaminated, hasted, very quick
A: sickness immunity, fire resistance 2, cold vulnerability 1, float, innate
caster, hp casting, extra vitality 1
a: no special abilities


You were on level 3 of the Dungeon.
You visited 1 branch of the dungeon, and saw 3 of its levels.
You also visited: Sewer.

You collected 98 gold pieces.

Inventory:

Hand Weapons
 f - a +2 whip of flaming (weapon)
Missiles
 e - 3 silver boomerangs
Armour
 a - a +0 robe (worn)
 b - a +0 helmet (worn)
Scrolls
 j - a scroll of enchant weapon {unknown}
Potions
 c - a potion of flight {unknown}
 d - a potion of resistance
 h - a potion of attraction {unknown}


   Skills:
 - Level 2.0 Fighting
 - Level 2.1 Dodging
 - Level 1.5 Stealth
 + Level 6.1 Spellcasting


You couldn't memorise any spells.
You knew the following spells:

 Your Spells              Type           Power      Damage    Failure   Level
a - Magic Dart            Conj           100%       1d8       1%          1
b - Searing Ray           Conj           64%        2d6       1%          2
c - Dazzling Flash        Conj/Hex       64%        N/A       2%          3
d - Fulminant Prism       Conj/Hex       16%        3d11      8%          4
e - Iskenderun's Mystic   Conj/Tloc      32%        2d8       8%          4
f - Slow                  Hex            100%       N/A       1%          1
g - Passwall              Tmut/Erth      26%        N/A       1%          2
h - Wereblood             Tmut           32%        N/A       1%          2
Your spell library was empty.

Dungeon Overview and Level Annotations

Branches:
Dungeon (3/15)              Sewer (visited)

Altars:
Cheibriados

Shops:
D:1 :


Innate Abilities, Weirdness & Mutations

You are immune to sickness and miasma.
You are immune to poison.
Your flesh is very heat resistant. (rF++)
You are vulnerable to cold. (rC-)
You float through the air rather than walking.
You learn spells naturally, not from books.
Your magical power is your life essence.
You have superior vitality. (+4 HP)


Message History

The searing ray hits Grinder.
You kill Grinder!
The scorpion stings you.
* * * LOW HITPOINT WARNING * * *
The scorpion stings you.
* * * LOW HITPOINT WARNING * * *
Your Spellcasting skill increases to level 6!
You have reached level 7!
The power to cast Wereblood wells up from within.
Spell assigned to 'h'.
Casting: Searing Ray (safe; 1% risk of failure)
Confirm with . or Enter, or press ? or * to list all spells.
Okay, then.
Casting: Searing Ray (safe; 1% risk of failure)
Confirm with . or Enter, or press ? or * to list all spells.
Okay, then.
Welcome back, ReploidZero the Djinni Conjurer.
Press ? for a list of commands and other information.
A scorpion is nearby!
A scorpion is nearby!
A scorpion is nearby!
A scorpion is nearby!
Cast which spell? (? or * to list)
Okay, then.
Cast which spell? (? or * to list)
Aiming: Slow (safe; 1% risk of failure)
Press: ? - help, Shift-Dir - straight line, f - scorpion
Aim: a scorpion (chance to affect: 65%)
Okay, then.
Unknown command.
Okay, then.
Okay, then.
* * * LOW HITPOINT WARNING * * *
You finish channelling your searing ray.
The scorpion stings you!
* * * LOW HITPOINT WARNING * * *
Unknown command.
Unknown command.
You feel yourself speed up. The scorpion stings you!
You die...

##.. ..# )..## #... ##..# #.#
#...# #.## ##.≈.####.# #)..# #.#
##.≈....#.# #...# #.# ≈#≈≈###.#.#
#...# #.# ≈#≈≈#.....# #...# #.#
≈#≈≈###...#########...########.##
≈#≈≈##.....##.....$.........##...
≈#≈≈#.........)s@...............#
≈#≈†#.......#...............#<).#
..≈.#.......#######...#######....
..≈##........# ###.#.### #...#
####.........# #..###..# #.#.#
#.........# #.#.#.#.# #.#..
#####.......## #.#...#.#####.###
..P#.....<.## #.#.........#....
##'#.##...## #.#####.###.#####


You could see a scorpion.

Vanquished Creatures
  Grinder (D:3)
  A water moccasin (Sewer)
  4 gnolls
  A worm (D:3)
  3 dart slugs
  4 endoplasms
  8 giant cockroaches
  10 goblins
  14 hobgoblins
  6 jackals
  10 quokkas
  6 ball pythons
  3 bats
  2 frilled lizards (D:1)
  10 kobolds
  3 rats
86 creatures vanquished.

Vanquished Creatures (others)
  A fulminant prism (D:3)
1 creature vanquished.

Grand Total: 87 creatures vanquished

Notes
Turn   | Place    | Note
-------+----------+-------------------------------------------
     0 | D:1      | ReploidZero the Djinni Conjurer began the quest for the
                  | Orb.
     0 | D:1      | Reached XP level 1. HP: 15/15 MP: 0/0
   382 | D:1      | Reached XP level 2. HP: 19/22 MP: 0/0
   475 | D:1      | Reached skill level 1 in Fighting
   898 | D:1      | Reached XP level 3. HP: 25/27 MP: 0/0
   898 | D:1      | Learned a level 1 spell: Slow
   924 | D:1      | Found Ofriphou's Book Emporium.
  1747 | D:2      | Found a snail-covered altar of Cheibriados.
  1911 | D:2      | Reached XP level 4. HP: 22/33 MP: 0/0
  2178 | D:2      | Reached skill level 4 in Spellcasting
  2813 | D:3      | Reached XP level 5. HP: 29/38 MP: 0/0
  2813 | D:3      | Learned a level 2 spell: Passwall
  3043 | D:3      | Found a glowing drain.
  3059 | Sewer    | Entered a sewer
  3226 | Sewer    | Noticed a water moccasin
  3238 | Sewer    | Killed a water moccasin
  3239 | Sewer    | Reached skill level 5 in Spellcasting
  3239 | Sewer    | Reached XP level 6. HP: 5/43 MP: 0/0
  3644 | D:3      | Found a faded altar of an unknown god.
  3917 | D:3      | Noticed Grinder
  3923 | D:3      | Paralysed by Grinder for 2 turns
  3946 | D:3      | Killed Grinder
  3947 | D:3      | Reached skill level 6 in Spellcasting
  3947 | D:3      | Reached XP level 7. HP: 11/49 MP: 0/0
  3947 | D:3      | Learned a level 2 spell: Wereblood
  3947 | D:3      | HP: 2/49 [scorpion (8)]
  3948 | D:3      | Slain by a scorpion

Illustrated notes

Levels and vault maps discovered:
D:1:      dpeg_arrival_round_a, layout_loops_corners, serial_shops, shop,
          serial_rivers, chequers_serial_rivers_small_b,
          chequers_serial_rivers_micro_a, chequers_serial_rivers_micro_a,
          chequers_serial_rivers_micro_a, chequers_serial_rivers_micro_b
D:2:      layout_rooms, basic_altar
D:3:      layout_loops_cross, gup_sewer_entry_pipe,
          shapermc_ecumenical_altar_ellora, uniq_grinder, uniq_robin

Skill      XL: |  1  2  3  4  5  6 |
---------------+-------------------+-----
Fighting       | 1 2 |  2.0
Spellcasting   | 4 5 6 |  6.1
Dodging        | |  2.1
Stealth        | |  1.5

Action                   |  1- 3 |  4- 6 |  7- 9 || total
-------------------------+-------+-------+-------++-------
Melee: Whip              |       |    20 |       ||    20
 Cast: Magic Dart        |    79 |    46 |       ||   125
       Searing Ray       |     4 |    14 |       ||    18
       Iskenderun's Myst |       |     2 |       ||     2
       Dazzling Flash    |       |     1 |       ||     1
       Fulminant Prism   |       |     1 |       ||     1
  Use: Scroll            |       |     3 |       ||     3
       Potion            |       |     1 |     1 ||     2
 Stab: Sleeping          |       |     1 |       ||     1
Armor: Robe              |     2 |    16 |       ||    18
Dodge: Dodged            |     6 |    30 |       ||    36

Table legend: (Time is in decaauts)
 A = Elapsed time spent in this place.
 B = Non-inter-level travel time spent in this place.
 C = Inter-level travel time spent in this place.
 D = Time resting spent in this place.
 E = Time spent auto-exploring this place.
 F = Levels seen in this place.
 G = Mean time per level.
                   A        B        C        D        E       F      G
               +--------+--------+--------+--------+--------+-----+--------+
         Total |   3930 |   3872 |     58 |      0 |   3453 |   4 |  982.5 |
       Dungeon |   3435 |   3377 |     58 |      0 |   3011 |   3 | 1145.0 |
         Sewer |    495 |    495 |      0 |      0 |    442 |   1 |  495.0 |
               +--------+--------+--------+--------+--------+-----+--------+

Top non-repeatable levels by time:
     D:1: 1639 daAuts
     D:2: 1096 daAuts
     D:3: 699 daAuts
   Sewer: 495 daAuts
